[Event "XII Cracow ICC-B 2024"]
[Site "Krakow"]
[Date "2024.06.27"]
[Round "7.1"]
[White "Gbyl, Andrzej"]
[Black "Wnek, Filip"]
[Result "1-0"]
[ECO "D11"]
[WhiteElo "2152"]
[BlackElo "2019"]
[Annotator "RC"]
[PlyCount "69"]
[EventDate "2024.06.20"]
[EventType "swiss"]
[EventCountry "POL"]
[SourceTitle "playchess.com"]
[Source "ChessBase"]
[SourceQuality "1"]
[TimeControl "40/5400+30:1800+30"]

1. d4 d5 2. c4 c6 3. Nf3 e6 4. Qc2 Nf6 5. Bf4 dxc4 6. Qxc4 b5 7. Qc2 Bb7 8. e4 Nbd7 9. Nbd2 Qa5 10. Bd3 c5 11. O-O c4 12. Be2 a6 13. a4 Qb6 14. axb5 axb5 15. Rxa8+ Bxa8 16. Ra1 Bc6 17. b3 cxb3 18. Qxb3 Be7 19. Be3 Qb7 20. d5 exd5 21. Nd4 Nc5 22. Qc2 Bd7 23. Nf5 Ncxe4 24. Nxe7 Nxd2 25. Bxd2 Kxe7 26. Qc5+ Ke6 27. Bb4 Qc6 28. Qe7+ Kf5 29. Bd3+ Ne4 30. Qxf7+ Ke5 31. Bxe4 Kxe4 32. Qf3+ Ke5 33. Re1+ Kd4 34. Qe3+ Kc4 35. Qc3# 1-0

[Event "XII Cracow ICC-B 2024"]
[Site "Krakow"]
[Date "2024.06.27"]
[Round "7.2"]
[White "Botez, Andrea"]
[Black "Skomial, Mateusz"]
[Result "0-1"]
[ECO "D01"]
[WhiteElo "1906"]
[BlackElo "2083"]
[Annotator "RC"]
[PlyCount "100"]
[EventDate "2024.06.20"]
[EventType "swiss"]
[EventCountry "POL"]
[SourceTitle "playchess.com"]
[Source "ChessBase"]
[SourceQuality "1"]
[TimeControl "40/5400+30:1800+30"]

1. d4 d5 2. Nc3 Nf6 3. Bf4 e6 4. Nb5 Bd6 5. Nxd6+ cxd6 6. Nf3 Nc6 7. e3 O-O 8. Be2 Ne4 9. Nd2 e5 10. dxe5 dxe5 11. Bg3 Nxg3 12. hxg3 Be6 13. c3 Qe7 14. Qa4 d4 15. cxd4 exd4 16. e4 d3 17. Bd1 a6 18. Qa3 Qf6 19. O-O Rfd8 20. Rc1 Qh6 21. f4 Qf6 22. Qc3 Qd4+ 23. Qxd4 Nxd4 24. Rc7 Bxa2 25. b3 b5 26. f5 f6 27. Kf2 Rac8 28. Ra7 Rc3 29. Bh5 Nxb3 30. Bf7+ Kf8 31. Bxb3 Bxb3 32. Rxa6 Rb8 33. Ke3 Bc2 34. Kd4 Rc7 35. Rfa1 Rd8+ 36. Ke3 Rb7 37. R1a2 b4 38. Rb2 b3 39. Nc4 d2 40. Nxd2 Rd3+ 41. Ke2 Rxg3 42. Ra8+ Ke7 43. Kf2 Rd3 44. Nf3 Rd1 45. Rh8 Rb1 46. Rxb1 Bxb1 47. Rxh7 Kf7 48. Nd2 Bc2 49. Ke3 b2 50. Kf4 Rd7 0-1

[Event "XII Cracow ICC-B 2024"]
[Site "Krakow"]
[Date "2024.06.27"]
[Round "7.3"]
[White "Padalka, Artem"]
[Black "Polak, Michal"]
[Result "1-0"]
[ECO "A05"]
[WhiteElo "2177"]
[BlackElo "1996"]
[Annotator "RC"]
[PlyCount "139"]
[EventDate "2024.06.20"]
[EventType "swiss"]
[EventCountry "POL"]
[SourceTitle "playchess.com"]
[Source "ChessBase"]
[SourceQuality "1"]
[TimeControl "40/5400+30:1800+30"]

1. Nf3 Nf6 2. g3 e6 3. Bg2 d5 4. O-O Be7 5. d3 O-O 6. Nbd2 c5 7. e4 b5 8. e5 Nfd7 9. Re1 Bb7 10. h4 a5 11. Nf1 Nc6 12. N1h2 Re8 13. Ng4 h5 14. Ngh2 Qc7 15. Bf4 Nf8 16. g4 Ng6 17. Bg3 Qd8 18. gxh5 Nxh4 19. Bxh4 Bxh4 20. Qd2 Be7 21. Ng4 Nd4 22. Nxd4 cxd4 23. Qf4 Rc8 24. Re2 Bg5 25. Qg3 Kh7 26. f4 Bh4 27. Qh3 Rh8 28. Bf3 Kg8 29. Rh2 Be7 30. h6 Rh7 31. Rf1 g6 32. Qg3 Kf8 33. Kh1 b4 34. Bd1 Ke8 35. Rh3 Kd7 36. Kg2 Kc6 37. Nh2 Qh8 38. Ng4 Qd8 39. Qf2 Qb6 40. Rfh1 Rch8 41. Qg3 Qc5 42. Nf6 Bxf6 43. exf6 a4 44. Qf2 a3 45. b3 Rg8 46. Rh4 Qc3 47. Rg4 Re8 48. f5 gxf5 49. Rg7 Reh8 50. Qf4 Kb5 51. Kg3 Qc5 52. Rh4 Qc3 53. Kf2 Kc6 54. Qg5 e5 55. Be2 e4 56. Rh1 Qc5 57. Rxh7 Rxh7 58. Qxf5 Rh8 59. h7 Bc8 60. Qg5 Qd6 61. Rh4 e3+ 62. Kf1 Qc5 63. Qg8 Qxc2 64. Qxh8 Qc1+ 65. Kg2 Bf5 66. Qa8+ Kd6 67. h8=Q Qe1 68. Qhd8+ Bd7 69. Qe7+ Kc7 70. Qc5+ 1-0

[Event "XII Cracow ICC-B 2024"]
[Site "Krakow"]
[Date "2024.06.27"]
[Round "7.4"]
[White "Botez, Alexandra"]
[Black "Wnuk, Piotr"]
[Result "0-1"]
[ECO "A58"]
[WhiteElo "2011"]
[BlackElo "1823"]
[Annotator "RC"]
[PlyCount "98"]
[EventDate "2024.06.20"]
[EventType "swiss"]
[EventCountry "POL"]
[SourceTitle "playchess.com"]
[Source "ChessBase"]
[SourceQuality "1"]
[TimeControl "40/5400+30:1800+30"]

1. d4 Nf6 2. c4 c5 3. d5 b5 4. cxb5 a6 5. bxa6 g6 6. a7 Rxa7 7. Nc3 Bg7 8. e4 d6 9. Nf3 O-O 10. Be2 Qa5 11. O-O Ba6 12. Bd2 Rb7 13. Qc2 Qb4 14. Bxa6 Nxa6 15. Rab1 Nc7 16. Rfe1 Ra8 17. b3 Nd7 18. Na4 Qa3 19. Bg5 Kf8 20. Nd2 Qb4 21. Nc4 Rba7 22. Bd2 Qb7 23. Bc3 Nb5 24. Bxg7+ Kxg7 25. f4 f6 26. g3 Nd4 27. Qg2 Rf8 28. Kh1 Qb4 29. Rbd1 Rxa4 30. bxa4 Qxc4 31. Rb1 Qxa4 32. Rf1 Ra8 33. Qf2 Ra7 34. Rb2 Qc4 35. Re1 f5 36. exf5 Qxd5+ 37. Qg2 Nf6 38. fxg6 hxg6 39. a4 Qxg2+ 40. Kxg2 Nd5 41. Ra1 Ra5 42. Ra3 c4 43. Rd2 e5 44. fxe5 dxe5 45. Rf2 c3 46. Ra1 c2 47. Kh3 Nb3 48. Raf1 c1=Q 49. Rf7+ Kh6 0-1

[Event "XII Cracow ICC-B 2024"]
[Site "Krakow"]
[Date "2024.06.27"]
[Round "7.5"]
[White "Brzezina, Pawel"]
[Black "Kaim, Piotr"]
[Result "0-1"]
[ECO "D26"]
[WhiteElo "1955"]
[BlackElo "2094"]
[Annotator "NA RC"]
[PlyCount "72"]
[EventDate "2024.06.20"]
[EventType "swiss"]
[EventCountry "POL"]
[SourceTitle "playchess.com"]
[Source "ChessBase"]
[SourceQuality "1"]
[TimeControl "40/5400+30:1800+30"]

1. d4 d5 2. c4 dxc4 3. Nf3 Nf6 4. e3 e6 5. Bxc4 Be7 6. O-O O-O 7. Nc3 c5 8. dxc5 Bxc5 9. b3 b6 10. Bb2 Bb7 11. Qe2 Nbd7 12. Rfd1 Qe7 13. a3 a6 14. b4 Bd6 15. Bb3 Rac8 16. e4 Ne5 17. Nd4 Bb8 18. Na4 Nxe4 19. Nxb6 Nc3 20. Qd2 Nxd1 21. Nxc8 Rxc8 22. Rxd1 Qh4 23. h3 Qe4 24. f3 Qg6 25. Bc2 Qg3 26. Qe1 Qxe1+ 27. Rxe1 Ba7 28. Kh1 Bxd4 29. Bxd4 Nxf3 30. Bxh7+ Kxh7 31. gxf3 Bxf3+ 32. Kh2 Rc4 33. Bc5 g5 34. Kg3 Bc6 35. Re3 Rc2 36. Kg4 Kg6 0-1

[Event "XII Cracow ICC-B 2024"]
[Site "Krakow"]
[Date "2024.06.27"]
[Round "7.6"]
[White "Zieba, Hubert"]
[Black "Pietrzak, Tomasz"]
[Result "1/2-1/2"]
[ECO "A40"]
[WhiteElo "2012"]
[BlackElo "1918"]
[Annotator "RC"]
[PlyCount "116"]
[EventDate "2024.06.20"]
[EventType "swiss"]
[EventCountry "POL"]
[SourceTitle "playchess.com"]
[Source "ChessBase"]
[SourceQuality "1"]
[TimeControl "40/5400+30:1800+30"]

1. d4 e6 2. c4 Bb4+ 3. Bd2 a5 4. Nf3 d5 5. g3 dxc4 6. Bg2 Nc6 7. e3 Nge7 8. O-O O-O 9. a3 Bd6 10. Qc2 e5 11. dxe5 Nxe5 12. Nxe5 Bxe5 13. Bc3 Bxc3 14. Qxc3 Qd3 15. Nd2 Be6 16. Rfc1 Qxc3 17. Rxc3 c6 18. Nxc4 Rfd8 19. Nb6 Ra6 20. Na4 Rd2 21. Bf1 b5 22. Nc5 Rb6 23. Rd3 Rxd3 24. Bxd3 g6 25. e4 a4 26. f3 Nc8 27. Kf2 Nd6 28. Rc1 Kf8 29. e5 Nf5 30. Nxe6+ fxe6 31. Bxf5 gxf5 32. Ke3 Ke7 33. Kd4 b4 34. Rc4 bxa3 35. bxa3 Ra6 36. Rb4 Ra7 37. Kc5 Ra5+ 38. Kxc6 Rxe5 39. Rxa4 Re3 40. Ra7+ Kf6 41. f4 h5 42. a4 h4 43. gxh4 Re4 44. a5 Rxf4 45. a6 Rxh4 46. Ra8 Rxh2 47. a7 Ra2 48. Rf8+ Ke5 49. a8=Q Rxa8 50. Rxa8 f4 51. Kc5 f3 52. Re8 Ke4 53. Rxe6+ Kd3 54. Rd6+ Ke2 55. Re6+ Kd3 56. Rf6 Ke2 57. Kd4 f2 58. Re6+ Kd2 1/2-1/2

[Event "XII Cracow ICC-B 2024"]
[Site "Krakow"]
[Date "2024.06.27"]
[Round "7.7"]
[White "Mytych, Rafal"]
[Black "Marciniak, Leonard"]
[Result "1-0"]
[ECO "A07"]
[WhiteElo "1878"]
[BlackElo "1937"]
[Annotator "NA RC"]
[PlyCount "68"]
[EventDate "2024.06.20"]
[EventType "swiss"]
[EventCountry "POL"]
[SourceTitle "playchess.com"]
[Source "ChessBase"]
[SourceQuality "1"]
[TimeControl "40/5400+30:1800+30"]

1. Nf3 d5 2. g3 Nd7 3. Bg2 e5 4. d3 Ngf6 5. O-O Bd6 6. e4 c6 7. Nc3 O-O 8. Nh4 Nb6 9. Bg5 d4 10. Ne2 h6 11. Bd2 Ne8 12. Qe1 Be7 13. a4 Nd6 14. a5 Nd7 15. f4 c5 16. Nf5 Nxf5 17. exf5 Bd6 18. g4 exf4 19. Nxf4 Nf6 20. Qh4 Nh7 21. Qh5 Nf6 22. Qh3 Rb8 23. Nd5 Nxd5 24. Bxd5 Qf6 25. Rae1 Bd7 26. Qh5 Be7 27. Rxe7 Qxe7 28. f6 Qe2 29. fxg7 Qxd2 30. gxf8=Q+ Rxf8 31. Bxf7+ Kg7 32. Qg6+ Kh8 33. Qf6+ Kh7 34. Bg6+ Kg8 1-0